 Dungeon Crawl Stone Soup version 0.28.0-53-g5a82cb258f (webtiles) character file.

Game seed: 3719269581706422134

163080 firemarshallily the Slayer (level 17, -1/178 HPs)
             Began as a Hill Orc Fighter on July 2, 2022.
             Was the Champion of Beogh.
             Slain by a merfolk impaler
             ... wielding a +3 trident of holy wrath
              (19 damage)
             ... on level 3 of the Shoals on July 7, 2022.
             The game lasted 04:19:25 (44982 turns).

firemarshallily the Slayer (Hill Orc Fighter)      Turns: 44982, Time: 04:19:26

Health: -1/178     AC: 25    Str: 31    XL:     17   Next: 52%
Magic:  26/26      EV: 11    Int:  4    God:    Beogh [******]
Gold:   811        SH: 12    Dex: 12    Spells: 16/16 levels left

rFire   + . .      SeeInvis +   a - +7 war axe (drain)
rCold   . . .      Faith    .   K - +1 buckler {rF+}
rNeg    . . .      Spirit   .   M - +3 chain mail {rPois}
rPois   +          Reflect  +   Y - +0 hat "Edoqusche" {Will+ Dex+4}
rElec   .          Harm     .   u - +2 cloak
rCorr   .          Rampage  .   g - +1 pair of gloves
Will    ++...                   k - +0 pair of boots
Stlth   ..........              b - amulet of reflection
HPRegen 0.39/turn               R - ring of see invisible
MPRegen 0.20/turn               Z - +6 ring of strength

@: about to teleport, spiked, mesmerised, hasted, studying 2 skills, very quick
A: walk on water, clumsy 1, dopey 2, weak 1
}: 1/15 runes: gossamer
a: Renounce Religion, Smiting, Recall Orcish Followers, Give Item to Named
Follower, Resurrection


You were on level 3 of the Shoals.
You worshipped Beogh.
Beogh was exalted by your worship.
You visited 5 branches of the dungeon, and saw 30 of its levels.

You collected 2931 gold pieces.
You spent 2120 gold pieces at shops.

Inventory:

Hand Weapons
 a - a +7 war axe of draining (weapon)
Missiles
 e - 3 silver boomerangs (quivered)
 F - 6 datura-tipped darts
 H - 26 poisoned darts
 J - 4 curare-tipped darts
 N - 6 javelins
 O - 5 atropa-tipped darts
Armour
 g - a +1 pair of gloves (worn)
 k - a +0 pair of boots (worn)
 r - a +0 helmet
 u - a +2 cloak (worn)
 K - a +1 buckler of fire resistance (worn)
 M - a +3 chain mail of poison resistance (worn)
 Y - the +0 hat "Edoqusche" (worn) {Will+ Dex+4}
   (You found it on level 4 of the Spider Nest)

   Dex:       It affects your dexterity (+4).
   Will:      It increases your willpower.
Jewellery
 b - an amulet of reflection (around neck)
 i - a +6 ring of strength
 m - a +6 ring of dexterity
 p - a ring of resist corrosion
 R - a ring of see invisible (left hand)
 U - a ring of flight
 V - a +6 ring of intelligence
 Z - a +6 ring of strength (right hand)
Wands
 j - a wand of polymorph (7)
 l - a wand of acid (10)
 n - a wand of iceblast (44)
 w - a wand of paralysis (5)
 I - a wand of digging (10)
 W - a wand of mindburst (9)
 X - a wand of flame (46)
Scrolls
 f - 7 scrolls of teleportation
 o - 3 scrolls of blinking
 q - 2 scrolls of magic mapping
 s - 2 scrolls of fog
 y - 3 scrolls of holy word
 z - 2 scrolls of silence
 E - 9 scrolls of fear
 T - a scroll of summoning
Potions
 t - 4 potions of cancellation
 v - 6 potions of might
 A - 2 potions of invisibility
 B - 5 potions of lignification
 C - 2 potions of curing
 G - a potion of berserk rage
 L - a potion of magic
 S - 4 potions of resistance
Miscellaneous
 d - a lightning rod (4/4)
 D - a phantom mirror
 P - a condenser vane


   Skills:
 + Level 22.8 Fighting
 - Level 17.0 Axes
 + Level 1.5 Throwing
 + Level 16.6 Armour
 - Level 5.0 Dodging
 - Level 10.0 Shields
 - Level 13.0 Invocations
 + Level 2.9 Evocations


You had 16 spell levels left.
You didn't know any spells.
Your spell library contained the following spells:

 Spells                   Type           Power      Damage    Failure   Level
 Animate Skeleton         Necr           0%         N/A       90%         1
 Apportation              Tloc           0%         N/A       90%         1
 Beastly Appendage        Tmut           0%         N/A       90%         1
 Shock                    Conj/Air       0%         1d3       90%         1
 Summon Small Mammal      Summ           0%         N/A       90%         1
 Blink                    Tloc           0%         N/A       97%         2
 Corpse Rot               Necr/Air       0%         N/A       97%         2
 Ensorcelled Hibernation  Hex/Ice        0%         N/A       97%         2
 Passwall                 Tmut/Erth      0%         N/A       97%         2
 Poisonous Vapours        Pois/Air       0%         N/A       97%         2
 Sublimation of Blood     Necr           0%         N/A       97%         2
 Wereblood                Tmut           0%         N/A       97%         2
 Ignite Poison            Fire/Tmut/Pois 0%         N/A       99%         3
 Lesser Beckoning         Tloc           0%         N/A       99%         3
 Spider Form              Tmut/Pois      0%         N/A       99%         3
 Swiftness                Air            0%         N/A       99%         3
 Airstrike                Air            0%         N/A       100%        4
 Cause Fear               Hex            0%         N/A       100%        4
 Fulminant Prism          Conj/Hex       0%         3d6       100%        4
 Hailstorm                Conj/Ice       0%         3d3       100%        4
 Iskenderun's Mystic Bla  Conj/Tloc      0%         2d3       100%        4
 Fireball                 Conj/Fire      0%         3d3       100%        5
 Iskenderun's Battlesphe  Conj           0%         2d6       100%        5
 Lee's Rapid Deconstruct  Erth           0%         3d5*      100%        5
 Manifold Assault         Tloc           0%         N/A       100%        5
 Conjure Ball Lightning   Conj/Air       0%         3x3d6     100%        6
 Starburst                Conj/Fire      0%         6d3       100%        6
 Dragon Form              Tmut           0%         N/A       100%        7
 Haunt                    Necr/Summ      0%         N/A       100%        7
 Orb of Destruction       Conj           0%         9d5       100%        7
 Summon Hydra             Summ           0%         N/A       100%        7
 Ignition                 Fire           0%         3d3       100%        8
 Dragon's Call            Summ           0%         N/A       100%        9


Dungeon Overview and Level Annotations

Branches:
Dungeon (15/15)            Temple (0/1) D:6            Lair (6/6) D:11
 Shoals (3/4) Lair:2       Spider (4/4) Lair:3        Slime (0/5) Lair:5
    Orc (2/2) D:12            Elf (0/3) Orc:2        Vaults (0/5) D:14
 Depths (0/4) D:15

Altars:
Ashenzari
Cheibriados
Elyvilon
Fedhas
Gozag
Nemelex Xobeh
Okawaru
Qazlal
Ru
Sif Muna
Trog
Vehumet
Wu Jian
Xom
Yredelemnul
Zin
The Shining One

Shops:
D:2 [   D:5 [   D:6 *   D:12 =   D:13 =   D:15 =   Orc:2 (*[([   Shoals:1 =(*
Shoals:2 (

Annotations:
Lair:2 1 exclusion
Lair:6 2 exclusions
Shoals:2 1 exclusion
Spider:2 1 exclusion
Spider:4 Urug


Innate Abilities, Weirdness & Mutations

You can walk on water.
You are clumsy. (Dex -2)
You are very dopey. (Int -4)
You are weak. (Str -2)


Message History

The manticore flicks its tail.
The volley of spikes hits Ilsuiw!
The merfolk siren chants a haunting song.
You resist with almost no effort. You block the merfolk impaler's attack.
Ilsuiw closely misses Oruk.
You feel better.
The merfolk siren chants its luring song.
The merfolk impaler hits you but does no damage.
The manticore flicks its tail.
The volley of spikes misses Ilsuiw.
The volley of spikes hits you!
The barbed spikes become lodged in your body.
* * * LOW HITPOINT WARNING * * *
The merfolk siren chants a haunting song.
You easily resist.
You catch the helpless Ilsuiw completely off-guard!
You hit Ilsuiw. You drain Ilsuiw.
Ilsuiw is almost dead.
The merfolk impaler hits you from afar with a +3 trident of holy wrath!
* * * LOW HITPOINT WARNING * * *
Ilsuiw hits you but does no damage.
The merfolk siren chants its luring song.
You cannot move away from the merfolk siren!
Okay, then.
Blink to where?
Press: ? - help, Dir - move target You cannot blink away from the merfolk siren!
Blink to where?
Press: ? - help, Dir - move target, f - you
Okay, then.
As you read the scroll of teleportation, it crumbles to dust.
You feel strangely unstable.
Your orc knight no longer looks unusually strong.
Olfrun no longer looks unusually strong.
You block the harpy's attack. The harpy barely misses you.
The manticore flicks its tail.
The volley of spikes hits Ilsuiw!
Ilsuiw dies!
You hear a splash. x2
The merfolk impaler hits you from afar with a +3 trident of holy wrath!!
You die...

./≈≈≈≈≈≈≈≈≈≈ #
..≈≈≈≈≈≈≈≈≈ #.
#.≈≈≈≈≈≈...
.###..#####≈≈≈≈≈≈...#
<......<..≈≈o≈≈≈≈..#
....≈≈≈.)oooo≈≈≈≈≈.##
....≈≈≈≈)ooooo≈≈≈≈.$#
...≈≈≈≈≈≈≈≈≈o≈≈≈≈≈≈..
.#..≈≈≈≈≈≈≈≈@≈m≈≈≈≈≈.
...≈≈≈≈≈≈≈≈≈≈H≈≈≈≈≈≈≈
...≈≈≈≈≈≈≈≈≈m))≈≈≈≈≈≈
##..≈≈≈≈≈≈H))≈≈≈≈≈≈≈≈
#.≈≈≈≈≈≈≈.≈≈≈≈≈≈≈≈≈
.≈≈≈≈≈≈≈.≈≈≈≈.#m.≈
≈≈≈≈.≈≈##.≈≈....≈
≈≈≈≈≈. ..≈≈≈.. ≈
≈≈≈≈≈ .≈≈≈≈≈≈≈


You could see a merfolk impaler, a manticore, 2 merfolk sirens, a harpy, 4
friendly orc knights, the friendly Bogfrid the orc knight, the friendly Bogward
the orc knight (strong), the friendly Olfrun the orc knight, the friendly Oruk
the orc knight, a friendly orc high priest and 2 friendly orc warriors.

Vanquished Creatures
  2 emperor scorpions (Spider:4)
  Louise (D:14)
  A broodmother (Spider:2)
  2 entropy weavers
  Snorg (Orc:1)
  The ghost of DemonSlayer the Thaumaturge, a journeyman DsFE of Cheibriados (Lair:2)
  An ogre mage (D:15)
  2 boulder beetles
  A radroach (Spider:1)
  Erica (D:11)
  2 merfolk avatars
  A jorogumo (Spider:4)
  3 centaur warriors
  6 two-headed ogres
  19 death yaks
  4 tengu warriors (D:15)
  3 orc high priests
  2 sea snakes (Shoals:1)
  3 pharaoh ants
  A deep troll (D:14)
  A steelbarb worm (Spider:3)
  An orb spider (Spider:4)
  2 necromancers
  5 orc knights
  A lindwurm (Lair:3)
  8 wolf spiders
  A deep elf pyromancer (D:13)
  2 harpies
  5 ugly things
  8 fauns
  3 orc sorcerers
  4 manticores
  3 merfolk sirens
  A moth of wrath (Spider:4)
  4 cyclopes
  2 elephants (Lair:5)
  Joseph (D:8)
  Maurice (Orc:2)
  2 black mambas
  4 torpor snails
  A water nymph (Shoals:1)
  Psyche (D:11)
  3 demonic crawlers (Spider:4)
  7 cane toads
  A rime drake (Lair:6)
  2 unseen horrors (D:11)
  A kobold demonologist (D:14)
  3 freezing wraiths
  7 komodo dragons
  A yaktaur (shapeshifter) (D:9)
  A tengu conjurer (D:8)
  6 trolls
  5 merfolk
  6 meliai
  5 tarantellas
  5 slime creatures
  8 blink frogs
  A hornet (D:10)
  A shadow (D:13)
  Sigmund (D:2)
  5 jumping spiders
  10 culicivoras
  A centaur simulacrum (D:15)
  A water elemental (Shoals:2)
  6 wyverns
  2 steam dragons
  31 yaks
  2 wraiths
  2 hogs (D:14)
  A basilisk (D:9)
  A fire elemental (D:14)
  15 redbacks
  8 vampire mosquitoes
  6 wargs
  3 water moccasins
  10 orc warriors
  A sky beast (D:5)
  3 black bears
  5 ogres
  8 centaurs
  4 necrophages
  A kobold brigand (D:9)
  Blork the orc (D:6)
  8 bullfrogs
  A gnoll sergeant (D:12)
  A scorpion (D:5)
  7 killer bees (D:9)
  8 wights
  5 howler monkeys
  2 electric eels
  3 centaur zombies
  2 bullfrog zombies
  A hound (D:5)
  2 jellies
  5 orc priests
  Crazy Yiuf (D:4)
  An iguana (D:5)
  A gnoll shaman (D:9)
  Natasha (thrice) (D:4)
  19 orc wizards
  4 yak simulacra (Lair:2)
  A wolf simulacrum (Lair:2)
  A hound skeleton (D:4)
  A howler monkey zombie (D:9)
  Robin (D:4)
  14 gnolls
  7 adders
  A shadow imp (D:5)
  A white imp (D:7)
  An ufetubus (D:5)
  2 worms
  2 dart slugs
  35 orcs
  7 endoplasms
  A giant cockroach (D:1)
  12 goblins
  8 hobgoblins
  15 kobolds
  3 ball pythons
  3 bats
  3 frilled lizards
  6 rats
  2 river rat simulacra (Lair:2)
510 creatures vanquished.

Vanquished Creatures (collateral kills)
  4 emperor scorpions
  A ghost moth (Spider:4)
  2 orc warlords
  A stone giant (D:15)
  Nessos (D:14)
  Azrael (D:14)
  3 entropy weavers
  The ghost of DocClef the Warrior, a journeyman MfGl of Okawaru (Lair:2)
  A spark wasp (Spider:4)
  2 merfolk javelineers
  A merfolk impaler (Shoals:1)
  An ettin (D:14)
  5 hydras
  3 catoblepae (Lair:6)
  2 boulder beetles
  3 centaur warriors
  A two-headed ogre (Orc:2)
  The ghost of SanguineChosen the Basher, a journeyman GrFi (Lair:1)
  A death knight (D:12)
  10 death yaks
  2 tengu warriors
  An orc high priest (Orc:2)
  Sonja (Lair:6)
  7 sea snakes
  2 pharaoh ants
  3 sun moths (Spider:4)
  4 steelbarb worms
  8 orb spiders
  An orc knight (D:15)
  A lindwurm (Lair:3)
  A deep elf pyromancer (D:14)
  9 harpies
  9 wolf spiders
  2 orc sorcerers (Orc:2)
  4 ugly things
  6 manticores
  3 slime creatures (D:12)
  7 fauns
  A cyclops (D:15)
  A salamander (shapeshifter) (D:14)
  2 elephants (Lair:5)
  4 moths of wrath
  3 water nymphs (Shoals:1)
  2 torpor snails
  A gargoyle (D:11)
  4 black mambas
  5 cane toads
  7 merfolk sirens
  A komodo dragon (shapeshifter) (D:14)
  A kobold demonologist (D:14)
  7 demonic crawlers
  A freezing wraith (D:12)
  4 komodo dragons
  A tengu conjurer (D:13)
  4 meliai
  2 trolls (D:13)
  6 merfolk (Shoals:1)
  2 polar bears
  11 tarantellas
  3 wind drakes
  A hornet (D:9)
  11 blink frogs
  3 snapping turtles (Shoals:1)
  A jumping spider (shapeshifter) (D:14)
  6 culicivoras
  A spriggan (shapeshifter) (D:9)
  A wraith (D:12)
  18 jumping spiders
  2 shadows (D:11)
  A vampire (D:10)
  2 water elementals (Shoals:1)
  28 yaks
  A hog (D:14)
  A basilisk (D:15)
  12 redbacks
  A vampire mosquito (D:15)
  3 wargs
  An acid dragon (D:9)
  5 water moccasins
  3 hell hounds (D:14)
  5 orc warriors
  A sky beast (D:6)
  2 ogres (Orc:2)
  2 bullfrogs
  2 kobold brigands
  A killer bee (D:9)
  2 wights (D:9)
  2 electric eels
  A howler monkey (D:14)
  2 centaur zombies
  A jelly (Lair:5)
  4 orc priests
  11 orc wizards
  2 yak simulacra (Lair:2)
  2 polar bear simulacra (Lair:2)
  A howler monkey skeleton (D:6)
  9 orcs
  A kobold (D:14)
  2 bushes (Lair:2)
  3 butterflies (Lair:6)
  2 fungi
  6 plants
355 creatures vanquished.

Vanquished Creatures (others)
  Urug (Spider:4)
  An orc warlord (Spider:3)
  Ilsuiw (Shoals:3)
  An orc sorcerer (Spider:1)
  2 orc high priests (D:14)
  3 orc knights
  17 orc warriors
  17 orc priests
  A swamp drake (Orc:2)
  13 orc wizards
  A hound skeleton (D:4)
  52 orcs
  58 fungi
  137 plants
305 creatures vanquished.

Grand Total: 1170 creatures vanquished

Notes
Turn   | Place    | Note
-------+----------+-------------------------------------------
     0 | D:1      | firemarshallily the Hill Orc Fighter began the quest for
                  | the Orb.
     0 | D:1      | Reached XP level 1. HP: 19/19 MP: 1/1
   204 | D:1      | Reached XP level 2. HP: 16/27 MP: 2/2
   435 | D:1      | Reached skill level 4 in Fighting
   873 | D:1      | Reached XP level 3. HP: 25/33 MP: 3/3
  1471 | D:2      | Found Numyf's Antique Armour Boutique.
  1574 | D:2      | Noticed Sigmund
  1619 | D:3      | Found a blossoming altar of Fedhas.
  1648 | D:3      | Found a sparkling altar of Nemelex Xobeh.
  1778 | D:3      | Reached XP level 4. HP: 41/41 MP: 4/4
  1810 | D:3      | Found a glowing silver altar of Zin.
  1878 | D:3      | Found a sacrificial altar of Ru.
  2233 | D:3      | Found a glowing golden altar of the Shining One.
  2354 | D:3      | Reached XP level 5. HP: 41/47 MP: 5/5
  2641 | D:3      | Found a faded altar of an unknown god.
  2716 | D:3      | Found an opulent altar of Gozag.
  2743 | D:4      | Noticed Natasha
  2754 | D:4      | Killed Natasha
  2755 | D:4      | Reached skill level 5 in Fighting
  2913 | D:4      | Became a worshipper of Beogh the Brigand
  2921 | D:4      | Reached skill level 5 in Axes
  3026 | D:4      | Noticed Natasha
  3033 | D:4      | Killed Natasha
  3034 | D:4      | Reached XP level 6. HP: 50/56 MP: 6/6
  3172 | D:4      | Found a stormy altar of Qazlal.
  3332 | D:4      | Reached skill level 6 in Fighting
  3455 | D:4      | Noticed Natasha
  3461 | D:4      | Killed Natasha
  3462 | D:4      | Reached XP level 7. HP: 49/63 MP: 7/7
  3617 | D:4      | Noticed Robin
  3620 | D:4      | Reached * piety under Beogh
  3626 | D:4      | Killed Robin
  3661 | D:4      | Found a runed translucent door.
  3662 | D:4      | Noticed Crazy Yiuf
  3929 | D:4      | Killed Crazy Yiuf
  3988 | D:5      | Entered Level 5 of the Dungeon
  4119 | D:5      | Reached skill level 7 in Fighting
  4119 | D:5      | Reached skill level 5 in Armour
  4119 | D:5      | Reached skill level 5 in Shields
  4124 | D:5      | Reached XP level 8. HP: 63/73 MP: 8/8
  4284 | D:5      | Found a shimmering blue altar of Sif Muna.
  4413 | D:5      | Found a snail-covered altar of Cheibriados.
  4456 | D:5      | Found an ornate altar of the Wu Jian Council.
  4674 | D:5      | Reached ** piety under Beogh
  4771 | D:5      | Reached skill level 8 in Fighting
  4952 | D:5      | Found a bloodstained altar of Trog.
  5019 | D:5      | Found Onnaupn's Armour Shoppe.
  5311 | D:6      | Reached XP level 9. HP: 63/82 MP: 9/9
  5423 | D:6      | Found Salorgh's Assorted Antiques.
  5436 | D:6      | Bought a murky silvery potion for 22 gold pieces
  5735 | D:6      | Noticed Blork the orc
  5797 | D:7      | Found a radiant altar of Vehumet.
  5808 | D:7      | Noticed a seven-headed hydra
  5810 | D:7      | Found a white marble altar of Elyvilon.
  5842 | D:7      | Reached skill level 9 in Fighting
  5929 | D:7      | Found an iron altar of Okawaru.
  6166 | D:7      | Found a broken altar of Ashenzari.
  6532 | D:8      | Reached skill level 10 in Axes
  6930 | D:8      | Reached skill level 10 in Fighting
  6970 | D:8      | Reached *** piety under Beogh
  6983 | D:8      | Reached XP level 10. HP: 70/94 MP: 10/10
  7162 | D:8      | Reached skill level 11 in Fighting
  7488 | D:8      | Noticed Joseph
  7521 | D:8      | Killed Joseph
  8156 | D:2      | Killed Sigmund
  8180 | D:2      | Bought a pair of faintly glowing boots for 256 gold pieces
  8180 | D:2      | Identified the -3 pair of boots of Beauty {rF+ Dex+4} (You
                  | bought it in a shop on level 2 of the Dungeon)
  8428 | D:6      | Found a staircase to the Ecumenical Temple.
  9000 | D:6      | Bought a scroll of identify for 50 gold pieces
  9726 | D:9      | Noticed a two-headed ogre
  9741 | D:9      | Killed a two-headed ogre
  9742 | D:9      | Reached skill level 12 in Fighting
 10087 | D:9      | Found a shimmering altar of Xom.
 10102 | D:9      | Reached XP level 11. HP: 97/105 MP: 9/11
 10186 | D:9      | Gained Wardok as an ally
 10378 | D:9      | Noticed a centaur warrior
 10389 | D:9      | Killed a centaur warrior
 10390 | D:9      | Noticed a red ugly thing
 10391 | D:9      | Noticed a brown ugly thing
 10396 | D:9      | Reached skill level 13 in Fighting
 10548 | D:9      | Killed a brown ugly thing
 10554 | D:9      | Killed a red ugly thing
 10917 | D:9      | Got Goaqog's Tome of the Birds and Battle Magic
 10919 | D:9      | Got the Catalogue of Clay and the Volcanoes
 11230 | D:10     | Entered Level 10 of the Dungeon
 11312 | D:10     | Reached **** piety under Beogh
 12228 | D:11     | Noticed Psyche
 12237 | D:11     | Killed Psyche
 12272 | D:11     | Noticed a boulder beetle
 12282 | D:11     | Killed a boulder beetle
 12283 | D:11     | Reached skill level 14 in Fighting
 12376 | D:11     | Reached skill level 15 in Axes
 12584 | D:11     | Noticed Erica
 12595 | D:11     | Killed Erica
 12596 | D:11     | Reached XP level 12. HP: 86/118 MP: 8/12
 12763 | D:11     | Noticed a two-headed ogre
 12779 | D:11     | Killed a two-headed ogre
 13239 | D:11     | Found a staircase to the Lair.
 13242 | D:11     | Reached skill level 10 in Armour
 13700 | D:12     | Found a staircase to the Orcish Mines.
 13909 | D:12     | Noticed a death knight
 13916 | D:12     | Killed a death knight
 14010 | D:12     | Noticed Urug
 14295 | D:12     | Found Usis's Jewellery Shop.
 14637 | D:12     | Noticed a boulder beetle
 14647 | D:12     | Killed a boulder beetle
 14648 | D:12     | Reached skill level 15 in Fighting
 16093 | D:6      | Killed Blork the orc
 16486 | Lair:1   | Entered Level 1 of the Lair of Beasts
 16564 | Lair:1   | Gained Boderik as an ally
 16583 | Lair:1   | Noticed a death yak
 16583 | Lair:1   | Noticed SanguineChosen's ghost (journeyman GrFi)
 16586 | Lair:1   | Found a runed translucent gate.
 16586 | Lair:1   | Found a runed translucent gate.
 16586 | Lair:1   | Found a runed translucent gate.
 17681 | Lair:2   | Noticed a death yak
 17681 | Lair:2   | Noticed a death yak
 17995 | Lair:2   | Found a staircase to the Shoals.
 18013 | Lair:2   | Gained Hawl as an ally
 18265 | Lair:2   | Found a runed translucent gate.
 18265 | Lair:2   | Found a runed translucent gate.
 18265 | Lair:2   | Found a runed translucent gate.
 18268 | Lair:2   | Noticed a death yak
 18268 | Lair:2   | Noticed a death yak
 18269 | Lair:2   | Noticed a death yak
 18275 | Lair:2   | Killed a death yak
 18276 | Lair:2   | Reached skill level 16 in Fighting
 18276 | Lair:2   | Reached skill level 1 in Invocations
 18276 | Lair:2   | Reached XP level 13. HP: 119/128 MP: 11/14
 18283 | Lair:2   | Reached skill level 1 in Dodging
 18768 | Lair:2   | Noticed DemonSlayer's ghost (journeyman DsFE)
 18768 | Lair:2   | Noticed DocClef's ghost (journeyman MfGl)
 18835 | Lair:2   | Found a basalt altar of Yredelemnul.
 19518 | Lair:3   | Reached ***** piety under Beogh
 19811 | Lair:3   | Reached skill level 17 in Fighting
 19975 | Lair:3   | Found a hole to the Spider Nest.
 21159 | Lair:4   | Reached skill level 5 in Invocations
 22001 | Lair:5   | Reached XP level 14. HP: 141/141 MP: 18/18
 22282 | Lair:5   | Reached skill level 18 in Fighting
 22460 | Lair:5   | Found a staircase to the Slime Pits.
 22802 | Lair:5   | Identified the +6 glaive of Honour {spect, Stlth+}
 23021 | Lair:6   | Entered Level 6 of the Lair of Beasts
 23799 | Lair:6   | Reached skill level 19 in Fighting
 23882 | Lair:6   | Identified a scroll of acquirement
 23892 | Lair:6   | Acquired a +2 executioner's axe of electrocution
 23986 | Lair:6   | Noticed Sonja
 23990 | Lair:6   | Killed Sonja
 25759 | D:13     | Found Posmuyt's Jewellery Shop.
 25767 | D:13     | Bought an amulet of reflection for 300 gold pieces
 25953 | D:13     | Reached ****** piety under Beogh
 26928 | D:14     | Noticed Azrael
 26939 | D:14     | Killed Azrael
 27249 | D:14     | Reached XP level 15. HP: 128/155 MP: 22/22
 27357 | D:14     | Your ally Boderik died
 27358 | D:14     | Found a gate to the Vaults.
 27502 | D:14     | Reached skill level 10 in Invocations
 27831 | D:14     | Noticed Louise
 27850 | D:14     | Killed Louise
 27851 | D:14     | Reached skill level 20 in Fighting
 28367 | D:14     | Noticed Nessos
 28370 | D:14     | Killed Nessos
 29232 | D:15     | Entered Level 15 of the Dungeon
 29569 | D:15     | Found Gumo's Jewellery Shop.
 30001 | D:15     | Got the Guide on Illusion and Displacement
 30526 | D:15     | Found a staircase to the Depths.
 31345 | Orc:1    | Entered Level 1 of the Orcish Mines
 31657 | Orc:1    | Found a bloodstained altar of Trog.
 31682 | Orc:1    | Noticed Snorg
 31689 | Orc:1    | Killed Snorg
 31841 | Orc:1    | Noticed an orc warlord
 31854 | Orc:1    | Killed an orc warlord
 32473 | Orc:2    | Entered Level 2 of the Orcish Mines
 32474 | Orc:2    | Found Rouzaedgh's Armour Emporium.
 32907 | Orc:2    | Reached skill level 21 in Fighting
 32909 | Orc:2    | Noticed Maurice
 32910 | Orc:2    | Noticed an orc warlord
 32911 | Orc:2    | Gained Orgrim as an ally
 32916 | Orc:2    | Gained Ortolf as an ally
 32917 | Orc:2    | Gained Bogwik as an ally
 32917 | Orc:2    | Your ally Orgrim died
 32926 | Orc:2    | Killed Maurice
 32927 | Orc:2    | Killed an orc warlord
 32927 | Orc:2    | Gained Oruk as an ally
 33209 | Orc:2    | Found a staircase to the Elven Halls.
 33370 | Orc:2    | Your ally Bogwik died
 33370 | Orc:2    | Your ally Ortolf died
 33648 | Orc:2    | Found Irrigunu's Weapon Emporium.
 33648 | Orc:2    | Found Lamuiry's Antique Weapon Boutique.
 33650 | Orc:2    | Found Osiasio's Armour Emporium.
 33650 | Orc:2    | Found Jyphuiv's General Store.
 33659 | Orc:2    | Bought a potion of curing for 51 gold pieces
 33659 | Orc:2    | Bought a potion of might for 68 gold pieces
 33659 | Orc:2    | Bought a potion of might for 68 gold pieces
 34486 | Lair:2   | Killed DemonSlayer's ghost
 34491 | Lair:2   | Killed DocClef's ghost
 34870 | Lair:1   | Killed SanguineChosen's ghost
 35314 | Spider:1 | Entered Level 1 of the Spider Nest
 35326 | Spider:1 | Your ally Wardok died
 35630 | Spider:1 | Reached XP level 16. HP: 151/167 MP: 25/25
 36488 | Spider:1 | Gained Olfrun as an ally
 38010 | Spider:3 | Reached skill level 15 in Armour
 38916 | Spider:3 | Your ally Hawl died
 40199 | Spider:4 | Entered Level 4 of the Spider Nest
 40217 | Spider:4 | Reached skill level 5 in Dodging
 40547 | Spider:4 | Reached skill level 22 in Fighting
 40648 | Spider:4 | Gained Bogfrid as an ally
 40651 | Spider:4 | Gained Bogward as an ally
 40672 | Spider:4 | Gained Learuk as an ally
 40718 | Spider:4 | Your ally Urug died
 41048 | Spider:4 | Identified the +0 hat "Edoqusche" {Will+ Dex+4}
 41058 | Spider:4 | Got a gossamer rune of Zot
 41604 | Spider:4 | Reached XP level 17. HP: 155/177 MP: 26/26
 42154 | Lair:2   | Gained mutation: You are frail. (-10% HP) [potion of
                  | mutation]
 42154 | Lair:2   | Gained mutation: You expend magic power (3 MP) to
                  | strengthen your wands. [potion of mutation]
 42154 | Lair:2   | Gained mutation: Your body sometimes deteriorates upon
                  | taking damage. [potion of mutation]
 42154 | Lair:2   | Gained mutation: You have a pair of small horns on your
                  | head. [potion of mutation]
 42155 | Lair:2   | Lost mutation: You expend magic power (3 MP) to strengthen
                  | your wands. [potion of mutation]
 42155 | Lair:2   | Lost mutation: You have a pair of small horns on your head.
                  | [potion of mutation]
 42155 | Lair:2   | Lost mutation: You are frail. (-10% HP) [potion of
                  | mutation]
 42155 | Lair:2   | Gained mutation: You have hidden genetic defects. [potion
                  | of mutation]
 42155 | Lair:2   | Gained mutation: You are partially covered in iridescent
                  | scales. (AC +2) [potion of mutation]
 42155 | Lair:2   | Gained mutation: You are weak. (Str -2) [potion of
                  | mutation]
 42156 | Lair:2   | Lost mutation: You have hidden genetic defects. [potion of
                  | mutation]
 42156 | Lair:2   | Lost mutation: Your body sometimes deteriorates upon taking
                  | damage. [potion of mutation]
 42156 | Lair:2   | Lost mutation: You are partially covered in iridescent
                  | scales. (AC +2) [potion of mutation]
 42156 | Lair:2   | Gained mutation: You are partially covered in iridescent
                  | scales. (AC +2) [potion of mutation]
 42156 | Lair:2   | Gained mutation: You are clumsy. (Dex -2) [potion of
                  | mutation]
 42156 | Lair:2   | Gained mutation: You are dopey. (Int -2) [potion of
                  | mutation]
 42156 | Lair:2   | Gained mutation: Your flesh is heat resistant. (rF+)
                  | [potion of mutation]
 42157 | Lair:2   | Lost mutation: Your flesh is heat resistant. (rF+) [potion
                  | of mutation]
 42157 | Lair:2   | Lost mutation: You are clumsy. (Dex -2) [potion of
                  | mutation]
 42157 | Lair:2   | Gained mutation: You expend magic power (3 MP) to
                  | strengthen your wands. [potion of mutation]
 42157 | Lair:2   | Gained mutation: You are frail. (-10% HP) [potion of
                  | mutation]
 42158 | Lair:2   | Lost mutation: You are frail. (-10% HP) [potion of
                  | mutation]
 42158 | Lair:2   | Lost mutation: You are partially covered in iridescent
                  | scales. (AC +2) [potion of mutation]
 42158 | Lair:2   | Lost mutation: You expend magic power (3 MP) to strengthen
                  | your wands. [potion of mutation]
 42158 | Lair:2   | Gained mutation: You are very dopey. (Int -4) [potion of
                  | mutation]
 42158 | Lair:2   | Gained mutation: You are clumsy. (Dex -2) [potion of
                  | mutation]
 42203 | Shoals:1 | Entered Level 1 of the Shoals
 42373 | Shoals:1 | Identified the +3 leather armour of Failure {Will+ Str-5
                  | Dex+4}
 42385 | Shoals:1 | Found Uloun's Jewellery Shoppe.
 42887 | Shoals:1 | Reached skill level 10 in Shields
 43102 | Shoals:1 | Found Zaohuegh's Antique Weapon Boutique.
 43112 | Shoals:1 | Bought a jewelled long sword for 280 gold pieces
 43112 | Shoals:1 | Identified the +7 long sword "Tezuif" {flame, +Blink rPois
                  | Dex+2} (You bought it in a shop on level 1 of the Shoals)
 43113 | Shoals:1 | Bought a warped dire flail for 297 gold pieces
 43113 | Shoals:1 | Identified the +11 dire flail of a wizard's laboratory
                  | {flame, rPois rC+} (You bought it in a shop on level 1 of
                  | the Shoals)
 43279 | Shoals:1 | Gained Ogrik as an ally
 43619 | Shoals:1 | Found Goamme's General Store.
 43637 | Shoals:1 | Bought a scroll of acquirement for 728 gold pieces
 43637 | Shoals:1 | Acquired a manual of Evocations
 44018 | Shoals:2 | Reached skill level 1 in Evocations
 44735 | Shoals:2 | Found Ziribeh's Antique Weapon Shoppe.
 44939 | Shoals:3 | Noticed Ilsuiw
 44943 | Shoals:3 | Reached skill level 1 in Throwing
 44952 | Shoals:3 | Your ally Ogrik died
 44982 | Shoals:3 | Killed Ilsuiw
 44982 | Shoals:3 | Slain by a merfolk impaler

Illustrated notes

Levels and vault maps discovered:
D:1:      psy_arrival_statuary, layout_loops_ring, minmay_pentomino_x2
D:2:      layout_basic, serial_shops, shop_fountains,
          minmay_misc_feat_more_columns, grunt_ministairs_6,
          roderic_filled_cross, serial_park_tiny_pond, uniq_sigmund
D:3:      layout_loops_cross, fedhas_altar_3, lemuel_crystal_altar,
          mainiacjoe_overflow_tiny_flanked, marbit_many_paths,
          overflow_temple_1_default, general_overflow_altar,
          shapermc_ecumenical_altar_mp_vishouse
D:4:      layout_gridville, mainiacjoe_overflow_six_doors_small,
          uniq_crazy_yiuf_cottage, uniq_natasha, uniq_robin
D:5:      layout_loops_corners, kennysheep_mini_moat,
          mainiacjoe_overflow_boulevard, old_standard_altar,
          pdpol_wu_jian_five_deadly_venoms, serial_shops, nicolae_stop_n_shop_2,
          kennysheep_donut, kennysheep_generic_room_3
D:6:      layout_basic, minmay_temple_entry_overgrown, serial_shops,
          nicolae_shop_advertising_works [nicolae_subvault_shop_adworks],
          st_stairs_5, uniq_blork_the_orc
D:7:      layout_rooms, overflow_temple_1_default, nicolae_ashenzari_skybound,
          mainiacjoe_overflow_catwalk_spiral
D:8:      layout_loops_corners, uniq_joseph
D:9:      minmay_the_grid_triangle_9x9_rhombus_thin_mashed
          [minmay_the_grid_triangle_9x9_limited_checkers,
          minmay_the_grid_triangle_9x9_prize_insulated,
          minmay_the_grid_triangle_9x9_sparse_checkered,
          minmay_the_grid_triangle_9x9_windchime], layout_basic,
          mainiacjoe_overflow_concentric_impassable
D:10:     layout_cave_pools
D:11:     layout_basic, erik_lair_dragon, uniq_psyche, uniq_erica
D:12:     layout_stronghold, serial_shops, nicolae_square_shop, uniq_urug
D:13:     layout_roguey, serial_shops, shop
D:14:     layout_basic, david_vaults_4, portal_ice_cave_entry_horrid_things,
          uniq_nessos, uniq_azrael, uniq_kirke, uniq_louise
D:15:     grunt_enter_depths_snipers, layout_gridville, serial_shops,
          nicolae_inconvenience_store, nrook_campfire
Lair:1:   layout_cave_pods, gammafunk_ghost_split, grunt_megastairs_4
Lair:2:   layout_cave_pods, minmay_shoals_entry_beasts, basic_altar,
          gammafunk_ghost_cemetery, eino_house_with_fridge,
          infiniplex_staircase_pool, lemuel_fruit_tree, grunt_megastairs_2
Lair:3:   layout_hall_layers, dummy_spider_entry, gauntlet_entry_generic,
          chequers_serial_rivers_micro_e, nicolae_lair_lindhole
Lair:4:   layout_cave_shapes, nicolae_quartered_pool_little,
          cheibrodos_lair_caveside_slide
Lair:5:   layout_long_grid, minmay_slime_entry_pillars, beast_lair_carwin_8
Lair:6:   evilmike_catoblepas_cave, layout_layer_cave, lemuel_fruit_fields,
          uniq_sonja
Shoals:1: layout_shoals, serial_shops, shop, nicolae_shop_hallway_plus,
          nicolae_diamond_shop, nicolae_shoals_wave_tunnel
Shoals:2: layout_shoals, serial_shops, nicolae_diamond_shop
Shoals:3: layout_shoals, nicolae_shop_overcharged_wands, uniq_ilsuiw, uniq_aizul
Spider:1: layout_spider_delve, nicolae_spider_webs_and_nodes
Spider:2: layout_spider_delve, drop_trap, hellmonk_spider_spawner
Spider:3: layout_cave_pods
Spider:4: grunt_spider_rune_island
Orc:1:    layout_caves, basic_altar, uniq_snorg
Orc:2:    grunt_orc_tribal_feast, layout_caves, serial_shops, shop_statue,
          uniq_maurice

Skill      XL: |  1  2  3  4  5  6  7  8  9 10 11 12 13 14 15 16 17 |
---------------+----------------------------------------------------+-----
Axes           | 3 4 5 6 7 8 11 13 15 17 | 17.0
Fighting       | 4 5 6 7 8 10 12 14 16 17 19 21 22 | 22.8
Armour         | 4 5 7 8 9 10 12 13 14 15 16 | 16.6
Shields        | 4 5 6 9 10 | 10.0
Invocations    | 1 6 9 12 13 | 13.0
Dodging        | 3 5 |  5.0
Evocations     | 2 |  2.9
Throwing       | 1 |  1.5

Action                   |  1- 3 |  4- 6 |  7- 9 | 10-12 | 13-15 | 16-18 || total
-------------------------+-------+-------+-------+-------+-------+-------++-------
Melee: War axe           |    94 |   116 |   248 |   423 |   594 |   409 ||  1884
       Broad axe         |       |       |    10 |       |       |       ||    10
       Unarmed           |       |       |       |    36 |       |       ||    36
Throw: Dart              |       |       |       |     6 |       |       ||     6
       Stone             |       |       |       |     2 |       |       ||     2
       Boomerang         |       |       |       |       |     1 |     5 ||     6
Invok: Convert to Beogh  |       |     1 |       |       |       |       ||     1
       Give Item to Name |       |       |       |       |     5 |     5 ||    10
       Recall Orcish Fol |       |       |       |       |    11 |     2 ||    13
Evoke: Wand              |       |       |       |       |     1 |       ||     1
  Use: Scroll            |       |     4 |     9 |    14 |     8 |     3 ||    38
       Potion            |       |       |     1 |     9 |    11 |    10 ||    31
 Stab: Distracted        |       |       |       |     2 |    12 |     6 ||    20
       Paralysed         |       |       |       |       |     2 |       ||     2
Armor: Scale mail        |    41 |    61 |   170 |    77 |       |       ||   349
       Skin              |       |       |    20 |       |       |       ||    20
       Ring mail         |       |       |       |   138 |   215 |    14 ||   367
       Chain mail        |       |       |       |       |       |   270 ||   270
Dodge: Dodged            |    41 |    55 |   119 |   141 |   222 |   197 ||   775
Block: Buckler           |    18 |    34 |    73 |   132 |   274 |   295 ||   826
       Reflection        |       |       |       |       |    25 |    20 ||    45
